 Seeded DCSS version 0.28-a0-657-g71136c5590 (webtiles) character file.

Game seed: 1811034857788664127 (custom seed)

4 flotson the Sneak (level 1, -1/17 (18) HPs)
             Began as a Demonspawn Delver on Oct 13, 2021.
             Slain by a phantom (5 damage)
             ... on level 5 of the Dungeon.
             The game lasted 00:00:56 (201 turns).

flotson the Sneak (Demonspawn Delver)                Turns: 201, Time: 00:00:57

HP:   -1/17 (18)    AC:  3    Str: 12    XL:     1   Next: 58%
MP:   1/1           EV: 11    Int:  7    God:
Gold: 34            SH:  0    Dex: 14    Spells: 0/0 levels left

rFire   . . .      SeeInvis .   a - +0 hand axe
rCold   + . .      Faith    .   (no shield)
rNeg    . . .      Spirit   .   b - +0 leather armour
rPois   +          Reflect  .   (no helmet)
rElec   .          Harm     .   (no cloak)
rCorr   .          Rampage  .   (no gloves)
Will    ++...                   (no boots)
Stlth   ++........              (no amulet)
HPRegen 0.05/turn               i - ring "Xetsixoa" {rPois rC+ Will++ Int-4 Slay+3}
MPRegen 0.07/turn               (no ring)

@: drained
A: no striking features
a: no special abilities


You were on level 5 of the Dungeon.
You visited 1 branch of the dungeon, and saw 1 of its levels.

You collected 34 gold pieces.

Inventory:

Hand Weapons
 a - a +0 hand axe (weapon)
Armour
 b - a +0 leather armour (worn)
Jewellery
 i - the ring "Xetsixoa" (left hand) {rPois rC+ Will++ Int-4 Slay+3}
   (You found it on level 5 of the Dungeon)

   [ring of protection from cold]

   Int:       It affects your intelligence (-4).
   Slay:      It affects your accuracy & damage with ranged weapons and melee
   (+3).
   rC:        It protects you from cold.
   rPois:     It protects you from poison.
   Will:      It greatly increases your willpower.
Wands
 g - a wand of digging (3)
Scrolls
 c - a scroll of fog
 h - a scroll of silence {unknown}
Potions
 f - a potion of haste


   Skills:
 + Level 3.1 Fighting
 - Level 1.7 Axes
 + Level 0.4 Armour
 + Level 1.9 Dodging
 - Level 4.5 Stealth


You couldn't memorise any spells.
You didn't know any spells.
Your spell library was empty.

Dungeon Overview and Level Annotations

Branches:
Dungeon (5/15)
 Temple: D:4-7

Altars:


Message History

No target in view!
No target in view!
No target in view!
You now have 16 gold pieces (gained 12).
An orc comes into view. It is wielding a +0 flail.
Found a stone staircase leading down.
The orc shouts!
The orc hits you with a +0 flail.
You slash the orc!
You kill the orc!
No target in view!
HP restored.
Found 19 stones.
You now have 34 gold pieces (gained 18).
A necrophage comes into view.
As you read the scroll of magic mapping, it crumbles to dust.
You feel aware of your surroundings.
An orc comes into view. It is wielding a +0 flail.
A phantom comes into view.
Found 18 sling bullets.
An ogre comes into view. It is wielding a +0 giant spiked club.
Found a stone staircase leading up.
The phantom closely misses you.
As you read the scroll of fear, it crumbles to dust.
You assume a fearsome visage.
The orc looks frightened!
The orc shouts!
The phantom is unaffected.
The necrophage is unaffected.
The necrophage hits you.
You feel drained. The phantom hits you.
The phantom blinks!
You blink.
The phantom completely misses you. The necrophage closely misses you.
A white imp comes into view.
The white imp shouts!
The white imp grinds its teeth.
The white imp gestures at you. The puff of frost hits you. You resist.
* * * LOW HITPOINT WARNING * * *
The white imp barely misses you.
You barely miss the white imp. You miss the phantom. The phantom hits you.
You die...

*****
##............#...#
###..........#####
##..........*
###........*
##.......#*
#..##....#
#n##*##### ##W#
#@.# #5## *#.# *
*.## ** #.* ,* ****
*#.* ,** *,,***.#*
,,* *,,,,,.*** ,,**
*,,,,,,,,**


You could see a phantom, a necrophage and a white imp.

Vanquished Creatures
  A worm (D:5)
  An orc (D:5)
2 creatures vanquished.

Notes
Turn   | Place    | Note
-------+----------+-------------------------------------------
     0 | D:5      | flotson the Demonspawn Delver began the quest for the Orb.
     0 | D:5      | Reached XP level 1. HP: 18/18 MP: 1/1
    17 | D:5      | Identified the ring "Xetsixoa" {rPois rC+ Will++ Int-4
                  | Slay+3}
   133 | D:5      | Noticed a necrophage
   174 | D:5      | Noticed a phantom
   175 | D:5      | Noticed an ogre
   201 | D:5      | Slain by a phantom

Illustrated notes

Levels and vault maps discovered:
D:5:      layout_cave_pods, grunt_ministairs_14

Action                   || total
-------------------------++-------
Melee: Hand axe          ||     4
  Use: Scroll            ||     2
 Stab: Sleeping          ||     1
Dodge: Dodged            ||     4

Table legend: (Time is in decaauts)
 A = Elapsed time spent in this place.
 B = Non-inter-level travel time spent in this place.
 C = Inter-level travel time spent in this place.
 D = Time resting spent in this place.
 E = Time spent auto-exploring this place.
 F = Levels seen in this place.
 G = Mean time per level.
                   A        B        C        D        E       F      G
               +--------+--------+--------+--------+--------+-----+--------+
         Total |    201 |    201 |      0 |      0 |    106 |   1 |  201.0 |
       Dungeon |    201 |    201 |      0 |      0 |    106 |   1 |  201.0 |
               +--------+--------+--------+--------+--------+-----+--------+

Top non-repeatable levels by time:
     D:5: 201 daAuts
